cohdb
Replays
Latest Replays
All Replays
Popular Replays
Top Player Replays
Match Explorer
How It Works
Community
CoH3 Stats
Reddit
Sign in to upload your games and track your stats! →
Sign in with Steam
Match 44082053
Unlisted
Match 44082053
Overview
Messages
Build Orders
End
Panzergrenadier Squad
250 Light Carrier
Selects Armored Support Battlegroup
Panzergrenadier Squad
Panzergrenadier Squad
Construct Light Support Kompanie
Construct Light Support Kompanie
Selects Salvage Kits
2.5-tonne Medical Truck
Combat Half-tracks
Panzerjäger Squad
Fire Support Elements
le.IG 18 Support Gun Team
Construct Panzerarmee Kommand
Selects Veteran Gunners
Selects Flammpanzer III Medium Tank
Flammpanzer III Medium Tank
Panzer III L Medium Tank
Selects Panzer Storm
Panzerpioneer Squad
Panzer III L Medium Tank
Selects Stuka Dive Bomb
Selects Battlefield Salvage
MG34 Team
MolochkoOFF!
AMAROK_KZ
Jopjahh
Skullclown
0
0
Comments
sign in to comment!
No comments posted yet!